 Dungeon Crawl Stone Soup version 0.20-a0-1050-g57248f3 (webtiles) character file.

23015 nikopol the Cleaver (level 13, -8/123 HPs)
             Began as a Gargoyle Berserker on Apr 25, 2017.
             Was an Elder of Trog.
             Mangled by an ice devil (26 damage)
             ... in an ice cave.
             The game lasted 00:42:21 (14089 turns).

nikopol the Cleaver (Gargoyle Berserker)           Turns: 14089, Time: 00:42:22

Health: -8/123     AC: 40    Str: 29    XL:     13   Next: 4%
Magic:  13/13      EV: 12    Int:  7    God:    Trog [****..]
Gold:   767        SH:  0    Dex: 16    Spells: 12/12 levels left

rFire    + . .     SeeInvis .   a - +0 war axe of Sudden Death {protect, rElec}
rCold    . . .     Gourm    .   (no shield)
rNeg     + + .     Faith    .   i - +3 plate armour of Qupuig {rElec rN+ Dex+4}
rPois    ∞         Spirit   .   N - +0 hat {MR+}
rElec    +         Reflect  .   A - +0 cloak
rCorr    .         Harm     +   Q - +1 pair of gloves
MR       +....                  y - +1 pair of boots
Stlth    ..........             s - amulet of harm
Regen    0.3/turn               r - ring of stealth
MPRegen  0.2/turn               I - ring of protection from fire

@: berserking, protection aura, starving, very quick
A: negative energy resistance 1, electricity resistance, unbreathing,
petrification resistance, rot immunity, AC +9
a: Berserk, Trog's Hand, Brothers in Arms, Burn Spellbooks, Renounce Religion


You were in an ice cave.
You worshipped Trog.
Trog was greatly pleased with you.
You were starving.

You visited 2 branches of the dungeon, and saw 12 of its levels.
You also visited: Ice Cave.

You collected 767 gold pieces.

Inventory:

Hand Weapons
 a - the +0 war axe of Sudden Death (weapon) {protect, rElec}
   (You found it on level 2 of the Lair of Beasts)

   It protects the one who uses it against injury (+AC on strike).
   It insulates you from electricity.
 e - a +2 battleaxe of freezing
 z - a +1 shortbow
 F - a +0 flail of holy wrath
Missiles
 w - 99 arrows (quivered)
Armour
 i - the +3 plate armour of Qupuig (worn) {rElec rN+ Dex+4}
   (You found it on level 5 of the Dungeon)

   It affects your dexterity (+4).
   It insulates you from electricity.
   It protects you from negative energy.
 y - a +1 pair of boots (worn)
 A - a +0 cloak (worn)
 N - a +0 hat of magic resistance (worn)
 Q - a +1 pair of gloves (worn)
Jewellery
 r - a ring of stealth (left hand)
 s - an amulet of harm (around neck)
 C - an uncursed ring of ice
 I - a ring of protection from fire (right hand)
Wands
 G - a wand of digging (9/24)
 M - a wand of polymorph (7/24)
 P - a wand of paralysis (9/24)
Scrolls
 b - 5 scrolls of immolation
 f - 9 scrolls of teleportation
 g - 5 scrolls of amnesia
 n - 10 scrolls of remove curse
 o - 2 scrolls of blinking {unknown}
 p - 3 scrolls of enchant weapon
 t - 2 scrolls of fear {unknown}
 u - 4 scrolls of identify
 D - a scroll of holy word {unknown}
 H - a scroll of fog {unknown}
 K - 2 scrolls of brand weapon {unknown}
Potions
 d - 6 potions of haste
 j - 6 potions of heal wounds
 k - 2 potions of brilliance
 l - a potion of flight
 m - 2 potions of berserk rage {unknown}
 q - 7 potions of curing
 x - a potion of magic
 B - a potion of might
 J - a potion of agility
Comestibles
 c - 10 bread rations
 h - 3 meat rations
 v - 4 royal jellies
 E - a fruit


   Skills:
 + Level 10.0 Fighting
 * Level 10.9 Axes
 * Level 10.2 Bows
 + Level 10.2 Armour
 + Level 7.5 Dodging


You had 12 spell levels left.
You didn't know any spells.

Dungeon Overview and Level Annotations

Branches:
Dungeon (9/15)             Temple (0/1) D:5            Lair (3/6) D:9
 Shoals (0/4) Lair:3       Spider (0/4) Lair:2
    Orc: D:9-12

Altars:
Dithmenos
Okawaru
Qazlal
Sif Muna
Trog
Xom

Shops:
D:8 *   D:9 (


Innate Abilities, Weirdness & Mutations

You are resistant to torment.
Your stone body is resilient. (AC +9)
You are immune to poison.
You resist negative energy. (rN+)
You are resistant to electric shocks. (rElec)
You can survive without breathing.
You are immune to petrification.
You are immune to rotting.


Message History

The ice devil barely misses you.
You completely miss the ice devil.
The ice devil is severely wounded.
You hit the ice devil.
The ice devil is severely wounded.
The ice devil hits you.
* * * LOW HITPOINT WARNING * * *
The ice devil freezes you!
* * * LOW HITPOINT WARNING * * *
You hit the ice devil but do no damage.
The ice devil is severely wounded.
You closely miss the ice devil.
The ice devil is severely wounded.
The ice devil hits you but does no damage.
You barely miss the ice devil.
The ice devil is severely wounded.
The ice devil hits you.
* * * LOW HITPOINT WARNING * * *
The ice devil freezes you!!
You die...

#### ### ##..##
##..#####.(..##
#.(.4##(((.(4@#
545((#.......∩.∩.#
.5. ##..........#
. ##..##....##
######..## ####


You could see an ice devil.

Vanquished Creatures
  Gastronok (D:9)
  Fannar (Lair:3)
  A hydra (Lair:2)
  A tengu warrior (D:9)
  A two-headed ogre (D:8)
  The ghost of Malvoorn the Covert, a novice VSFi of Uskayaw (D:8)
  An oklob plant (Lair:2)
  Maurice (D:9)
  3 black mambas (Lair:1)
  5 spiny frogs
  4 komodo dragons
  2 rime drakes (Lair:2)
  A polar bear (Lair:2)
  Grinder (D:4)
  The ghost of Dominolapin the Gusty, an amateur DrAE of Vehumet (D:4)
  4 jumping spiders (Lair:2)
  A snapping turtle (Lair:3)
  5 hippogriffs
  5 blink frogs (Lair:2)
  Sigmund (D:4)
  7 redbacks (Lair:2)
  A spriggan (D:7)
  20 yaks
  A hungry ghost (D:7)
  Grum (D:8)
  2 wargs
  An acid dragon (D:8)
  2 water moccasins (Lair:1)
  2 orc warriors
  3 porcupines
  A black bear (D:6)
  2 ice beasts (D:9)
  4 wolves (D:8)
  3 ogres
  2 centaurs
  4 crocodiles
  A big kobold (D:8)
  5 bullfrogs
  A scorpion (D:5)
  5 killer bees (D:9)
  5 wights (D:6)
  3 howler monkeys
  4 crimson imps
  A hound (D:8)
  3 jellies
  9 orc wizards
  6 orc priests
  2 bullfrog skeletons
  A gnoll shaman (D:3)
  2 iguanas (D:6)
  6 worker ants
  2 hound skeletons
  A howler monkey zombie (D:6)
  Robin (D:4)
  3 worker ant zombies
  17 gnolls
  4 adders
  3 shadow imps
  2 white imps (IceCv)
  3 ufetubi (IceCv)
  An adder zombie (D:5)
  5 adder skeletons
  A dart slug (D:3)
  5 leopard geckos
  34 orcs
  A ball python (D:6)
  7 giant cockroaches
  13 goblins
  15 hobgoblins
  8 jackals
  15 kobolds
  3 quokkas
  9 bats
  4 frilled lizards
  A leopard gecko skeleton (D:5)
  A leopard gecko zombie (D:7)
  A quokka skeleton (D:4)
  5 rats
  A bush (D:1)
  A fungus (Lair:2)
  4 plants
322 creatures vanquished.

Vanquished Creatures (collateral kills)
  Erica (D:8)
  3 komodo dragons (Lair:1)
  A hippogriff (D:8)
  A porcupine (Lair:1)
6 creatures vanquished.

Vanquished Creatures (others)
  2 white imps (IceCv)
  An ufetubus (IceCv)
  3 fungi (Lair:2)
  4 plants
10 creatures vanquished.

Grand Total: 338 creatures vanquished

Notes
Turn   | Place    | Note
-------+----------+-------------------------------------------
     0 | D:1      | nikopol the Gargoyle Berserker began the quest for the Orb.
     0 | D:1      | Reached XP level 1. HP: 14/14 MP: 1/1
   415 | D:1      | Reached XP level 2. HP: 14/19 MP: 2/2
   786 | D:1      | Reached XP level 3. HP: 23/23 MP: 3/3
  1750 | D:2      | Reached ** piety under Trog
  2000 | D:2      | Found a shadowy altar of Dithmenos.
  2043 | D:3      | Found a stormy altar of Qazlal.
  2043 | D:3      | Noticed a water elemental
  2044 | D:3      | Noticed a fire elemental
  2053 | D:3      | Reached XP level 4. HP: 28/28 MP: 4/4
  2065 | D:3      | Reached XP level 5. HP: 18/33 MP: 5/5
  2255 | D:3      | Noticed an air elemental
  2878 | D:3      | Found a shimmering altar of Xom.
  2879 | D:3      | Found a deep blue altar of Sif Muna.
  3106 | D:4      | Reached XP level 6. HP: 27/38 MP: 6/6
  3113 | D:4      | Noticed Grinder
  3117 | D:4      | Paralysed by Grinder for 5 turns
  3155 | D:4      | Killed Grinder
  3458 | D:4      | Noticed Sigmund
  3470 | D:4      | Killed Sigmund
  3470 | D:4      | Reached skill level 5 in Fighting
  3470 | D:4      | Reached XP level 7. HP: 44/44 MP: 7/7
  3494 | D:4      | Noticed Robin
  3514 | D:4      | Reached *** piety under Trog
  3535 | D:4      | Killed Robin
  3686 | D:4      | Noticed Dominolapin's ghost (amateur DrAE)
  3750 | D:4      | Killed Dominolapin's ghost
  3750 | D:4      | Reached skill level 5 in Armour
  3991 | D:5      | Entered Level 5 of the Dungeon
  4073 | D:4      | Reached XP level 8. HP: 50/50 MP: 8/8
  4279 | D:5      | Found an iron altar of Okawaru.
  4337 | D:5      | Found a staircase to the Ecumenical Temple.
  4361 | D:5      | Reached skill level 5 in Axes
  4744 | D:5      | Got a slimy plate armour
  4841 | D:5      | Identified the +3 plate armour of Qupuig {rElec rN+ Dex+4} (You found it on level 5 of the Dungeon)
  4855 | D:5      | Reached skill level 1 in Bows
  5099 | D:6      | Reached **** piety under Trog
  5181 | D:6      | Reached XP level 9. HP: 50/56 MP: 9/9
  5272 | D:6      | Found a bloodstained altar of Trog.
  6400 | D:7      | Reached skill level 5 in Dodging
  7624 | D:8      | Noticed Grum
  7627 | D:8      | Noticed a two-headed ogre
  7642 | D:8      | Killed a two-headed ogre
  7642 | D:8      | Reached skill level 5 in Bows
  7642 | D:8      | Reached XP level 10. HP: 28/63 MP: 10/10
  7646 | D:8      | Killed Grum
  7869 | D:8      | Found Gemmuo's Goods Gallery.
  8000 | D:8      | Noticed Malvoorn's ghost (novice VSFi)
  8013 | D:8      | Killed Malvoorn's ghost
  8177 | D:8      | Received a gift from Trog
  8289 | D:9      | Noticed Erica
  8319 | D:8      | Killed Erica
  8646 | D:9      | Noticed Maurice
  8663 | D:9      | Killed Maurice
  8663 | D:9      | Reached XP level 11. HP: 68/68 MP: 11/11
  9166 | D:9      | Found a staircase to the Lair.
  9197 | D:9      | Found Xilonue's Weapon Boutique.
  9313 | D:9      | Noticed a tengu warrior
  9336 | D:9      | Killed a tengu warrior
  9644 | D:9      | Noticed Gastronok
  9656 | D:9      | Killed Gastronok
 10088 | Lair:1   | Entered Level 1 of the Lair of Beasts
 10554 | Lair:1   | Received a gift from Trog
 10871 | Lair:1   | Reached XP level 12. HP: 76/76 MP: 12/12
 11771 | Lair:2   | Reached skill level 10 in Axes
 11782 | Lair:2   | Got a pair of slimy gloves
 11918 | Lair:2   | Got a transparent war axe
 11919 | Lair:2   | Identified the +0 war axe of Sudden Death {protect, rElec} (You found it on level 2 of the Lair of Beasts)
 11933 | Lair:2   | Identified the cursed +0 pair of gloves "Qykaopto" {rPois} (You found it on level 2 of the Lair of Beasts)
 12027 | Lair:2   | Received a gift from Trog
 12802 | Lair:2   | Found a hole to the Spider Nest.
 13003 | Lair:2   | Received a gift from Trog
 13157 | Lair:2   | Noticed an eight-headed hydra
 13167 | Lair:2   | Killed an eight-headed hydra
 13183 | Lair:2   | Reached skill level 10 in Armour
 13235 | Lair:2   | Reached skill level 10 in Bows
 13767 | Lair:3   | Found a staircase to the Shoals.
 13878 | Lair:3   | Noticed Fannar
 13894 | Lair:3   | Killed Fannar
 13894 | Lair:3   | Reached XP level 13. HP: 82/82 MP: 13/13
 13901 | Lair:3   | Reached skill level 10 in Fighting
 13902 | Lair:3   | Found a frozen archway.
 13912 | IceCv    | Entered an ice cave
 14089 | IceCv    | Mangled by an ice devil

Vault maps used:
D:1:      evilmike_arrival_rings, serial_forest, infiniplex_forest_clump_cross,
          infiniplex_forest_clump_diagonal, infiniplex_forest_end_2,
          infiniplex_forest_clump_cross, infiniplex_forest_corner_1,
          infiniplex_forest_clump_curved, infiniplex_forest_lined_corner,
          infiniplex_forest_lined_room_2, feat_on_display
D:2:      grunt_dithmenos_smoke, first_bread
D:3:      minitemple, columned_hall_lemuel, nicolae_qazlal_style_of_elements
D:4:      abandoned_shop, minmay_misc_feat_cross, uniq_grinder, uniq_robin,
          uniq_sigmund
D:5:      okawaru_ov_weapons_minmay, minmay_temple_entry_grid
D:6:      black_bear_nest_2, trog_three_pillars_becter
D:7:      the_bakery
D:8:      minmay_misc_feat_rows, nicolae_alphabet_shops, minmay_three_doors,
          uniq_grum
D:9:      erik_lair_orcish_takeover, serial_shops, kennysheep_mini,
          roderic_serpentine_path, uniq_maurice, uniq_erica, uniq_gastronok
Lair:1:   bh_autumn_forest_stairs, beast_lair_carwin_10
Lair:2:   nicolae_spider_entry_tight_spaces, minmay_lair_oklob_chamber
Lair:3:   minmay_shoals_entry_hut, portal_ice_cave_entry_pillars_2, uniq_fannar
IceCv:    ice_cave_small_demon

Skill      XL: |  1  2  3  4  5  6  7  8  9 10 11 12 13 |
---------------+----------------------------------------+-----
Axes           | 3 4 5 7 8 9 10 | 10.9
Dodging        | 2 3 4 5 6 7 |  7.5
Armour         | 3 4 5 6 7 8 9 10 | 10.2
Fighting       | 4 5 6 7 8 9 10 | 10.0
Bows           | 2 5 7 8 10 | 10.2

Action                   |  1- 3 |  4- 6 |  7- 9 | 10-12 | 13-15 || total
-------------------------+-------+-------+-------+-------+-------++-------
Melee: Hand axe          |   224 |   101 |   376 |   365 |       ||  1066
       War axe           |       |       |       |   156 |    21 ||   177
 Fire: Shortbow          |       |       |   173 |   279 |    18 ||   470
Invok: Berserk           |     1 |     2 |     3 |     6 |     1 ||    13
       Burn Spellbooks   |       |     1 |     1 |       |       ||     2
       Trog's Hand       |       |       |     1 |       |       ||     1
       Brothers in Arms  |       |       |       |     2 |       ||     2
  Use: Scroll            |       |       |    11 |    10 |       ||    21
       Potion            |       |       |     1 |       |       ||     1
  Eat: Bread ration      |     1 |       |       |       |       ||     1
       Chunk             |       |     5 |    17 |    26 |       ||    48
       Royal jelly       |       |       |     1 |       |       ||     1
       Fruit             |       |       |     1 |       |     1 ||     2
Armor: Animal skin       |    31 |       |       |       |       ||    31
       Ring mail         |    22 |    47 |    41 |       |       ||   110
       Plate armour      |       |       |   136 |   538 |    13 ||   687
       Scale mail        |       |       |    35 |       |       ||    35
Dodge: Dodged            |    57 |    59 |   192 |   329 |    12 ||   649
